 Dungeon Crawl Stone Soup version 0.30.0-19-g36f170ea60 (webtiles) character file.

Game seed: 14144667472564134725

106 vanon20230528 the Trooper (level 4, -2/38 HPs)
             Began as a Demigod Fighter on May 29, 2023.
             Killed by an exploding iguana (30 damage)
             ... ignited by their inner flame
             ... on level 5 of the Dungeon.
             The game lasted 00:04:44 (1791 turns).

vanon20230528 the Trooper (Demigod Fighter)         Turns: 1791, Time: 00:04:46

Health: -2/38      AC:  6    Str: 21    XL:     4   Next: 30%
Magic:  6/6        EV: 10    Int: 10    God:
Gold:   68         SH:  4    Dex: 13    Spells: 3/3 levels left

rFire   . . .        a - +0 long sword
rCold   . . .        c - +0 buckler
rNeg    . . .        b - +0 scale mail
rPois   .            (no helmet)
rElec   .            (no cloak)
rCorr   .            (no gloves)
SInv    .            (no boots)
Will    .....        (no amulet) Stlth
                     (no ring)
HPRegen 0.26/turn    (no ring)
MPRegen 0.10/turn

%: no passive effects
@: mighty
A: high MP 1, forlorn, divine attributes
a: no special abilities


You were on level 5 of the Dungeon.
You visited 1 branch of the dungeon, and saw 4 of its levels.

You collected 68 gold pieces.

Inventory:

Hand Weapons
 a - a +0 long sword (weapon)
 e - a +0 sling
 f - a +4 scimitar of holy wrath
Armour
 b - a +0 scale mail (worn)
 c - a +0 buckler (worn)
Magical Staves
 d - a staff of poison
Potions
 j - a potion of mutation {unknown}


   Skills:
 + Level 3.1 Fighting
 * Level 2.9 Long Blades
 + Level 3.0 Armour
 + Level 1.3 Dodging
 + Level 1.7 Stealth
 - Level 2.6 Shields


You had 3 spell levels left.
You didn't know any spells.
Your spell library contained the following spells:

 Spells                   Type           Power      Damage    Failure   Level
 Kiss of Death            Conj/Necr      0%         2d5       77%         1
 Confusing Touch          Hex            0%         N/A       98%         3
 Dispel Undead            Necr           0%         3d6       100%        4


Dungeon Overview and Level Annotations

Branches:
Dungeon (3/15)


Innate Abilities, Weirdness & Mutations

You have an increased reservoir of magic. (+10% MP)
You shall have no god before yourself.
Your divine heritage dramatically boosts your attributes as you level up.


Message History

The hound completely misses you.
You hit the hound.
You kill the hound!
You have reached level 4!
An iguana comes into view.
An orc and an orc wizard come into view.
The orc shouts!
The orc wizard shouts!
You hear an angry growl.
This is a scroll of acquirement!
Something appears at your feet! The iguana bites you.
Unknown command.
f - a +4 scimitar of holy wrath The iguana completely misses you.
As you read the scroll labelled BUCSAB HUSA, it crumbles to dust.
The creatures around you are filled with an inner flame!
It was a scroll of immolation.
The iguana bites you! The iguana attacks as you move away!
The iguana barely misses you.
Okay, then.
Okay, then.
As you read the scroll labelled BAUFIH NOOPH, it crumbles to dust.
It is a scroll of amnesia.
You feel forgetful for a moment. The orc wizard barely misses you.
The iguana bites you!
You feel very mighty all of a sudden. The iguana barely misses you.
The orc closely misses you.
It was a potion of heal wounds.
You feel much better. The iguana bites you!
The orc wizard completely misses you. The orc hits you but does no damage.
The orc wizard hits you but does no damage.
The orc wizard attacks as you move away!
The orc wizard closely misses you.
The orc wizard points at you and mumbles some strange words.
The magic dart hits you. The iguana attacks as you move away!
The iguana barely misses you. The iguana attacks as you move away!
The iguana barely misses you.
You slash the iguana!
Flame seeps out of the iguana.
The iguana is severely wounded.
The iguana is engulfed in blazing flames.
The iguana explodes!
The fiery explosion engulfs you!!
Ouch! That really hurt!
You die...

#....# #....#
######...)####+###
#.................#
#.................
#.......o.........
#.......o§§§......
#......###○....#.# #...####
#@#...#.#
#...######.#.#...#######.
#........+....................
#.####...######.#.#.#.#######.
#...# #.#.#.......... ....+
#.#.#.......... ##...#
#.#............ .....
#.###..######## ..... #......#


You could see an orc wizard (inner flame).

Vanquished Creatures
  A hound (D:5)
  An iguana (D:5)
  3 adders (D:2)
  2 dart slugs
  An orc (D:3)
  6 ball pythons
  5 endoplasms
  2 giant cockroaches
  2 goblins
  3 hobgoblins
  2 jackals (D:2)
  3 quokkas (D:2)
  A bat (D:1)
  3 frilled lizards (D:1)
  6 kobolds
  3 rats
44 creatures vanquished.

Notes
Turn   | Place    | Note
-------+----------+-------------------------------------------
     0 | D:1      | vanon20230528 the Demigod Fighter began the quest for the
                  | Orb.
     0 | D:1      | Reached XP level 1. HP: 18/18 MP: 3/3
   446 | D:1      | Reached XP level 2. HP: 25/25 MP: 4/4
   585 | D:2      | Reached skill level 1 in Stealth
   585 | D:2      | Reached XP level 3. HP: 15/30 MP: 5/5
   657 | D:2      | Reached skill level 1 in Dodging
  1721 | D:3      | You fall into a shaft and drop 2 floors!
  1721 | D:5      | Entered Level 5 of the Dungeon
  1765 | D:5      | Reached XP level 4. HP: 38/38 MP: 6/6
  1776 | D:5      | Identified a scroll of acquirement
  1776 | D:5      | Acquired a +4 scimitar of holy wrath
  1791 | D:5      | Killed by an exploding iguana... ignited by their inner
                  | flame

Illustrated notes

Levels and vault maps discovered:
D:1:      nzn_arrival_crosshair, layout_rooms, serial_park_tiny_1,
          reono_crystal_passage, hex_tiny, minivault_11
D:2:      layout_loops_ring, shapermc_ecumenical_altar_flowoftime
D:3:      layout_rooms, grunt_qazlal_clouds
D:5:      layout_basic, led_sif_book, serial_bayou_lagoon_a

Skill      XL: |  1  2  3 |
---------------+----------+-----
Long Blades    | 2 |  2.9
Stealth        | 1 |  1.7
Fighting       | 3 |  3.1
Dodging        | 1 |  1.3
Armour         | 3 |  3.0
Shields        | |  2.6

Action                     |  1- 3 |  4- 6 || total
---------------------------+-------+-------++-------
  Melee: Long sword        |   151 |     1 ||   152
   Fire: Sling             |     3 |       ||     3
    Use: Potion            |     1 |     2 ||     3
         Scroll            |     1 |     3 ||     4
 Armour: Scale mail        |    64 |     2 ||    66
  Dodge: Dodged            |    80 |     9 ||    89
  Block: Buckler           |    38 |       ||    38
